 Dungeon Crawl Stone Soup version 0.29.1-1-gd02db6906a (webtiles) character file.

Game seed: 8972552270558038848

68399 Icepheonix32 the Convoker (level 15, 0/92 HPs)
             Began as a Merfolk Summoner on Oct 9, 2022.
             Was a High Priest of Hepliaklqana.
             Slain by a spriggan defender simulacrum (43 damage)
             ... in an ice cave.
             The game lasted 01:11:34 (27381 turns).

Icepheonix32 the Convoker (Merfolk Summoner)       Turns: 27381, Time: 01:11:35

Health: 0/92       AC: 21    Str: 13    XL:     15   Next: 26%
Magic:  23/29      EV: 23    Int: 27    God:    Hepliaklqana [*****.]
Gold:   2368       SH:  0    Dex: 22    Spells: 5/34 levels left

rFire   + . .      SeeInvis .   J - +5 dagger of the Sun {freeze, Will- Dex+7}
rCold   . . .      Faith    .   (no shield)
rNeg    + . .      Spirit   .   E - +0 steam dragon scales
rPois   .          Reflect  .   H - +2 hat {Stlth+}
rElec   .          Harm     .   t - +2 cloak
rCorr   .          Rampage  .   m - +1 pair of gloves
Will    +++..      Clarity  +   K - +2 pair of boots
Stlth   +++++.....              y - amulet of the Four Winds {rN+ Will+++ Clar}
HPRegen 0.25/turn               s - ring "Zeijudynk" {rF+ AC+4 Str+4}
MPRegen 0.21/turn               W - +6 ring of intelligence

@: no status effects
A: reduced essence, (nimble swimmer 2), mertail, shaggy fur 1
a: Renounce Religion, Recall Ancestor, Ancestor Identity, Transference, Idealise


You were in an ice cave.
You worshipped Hepliaklqana.
Hepliaklqana was extremely pleased with you.
You visited 3 branches of the dungeon, and saw 20 of its levels.
You also visited: Bailey and Ice Cave.

You collected 3031 gold pieces.
You spent 663 gold pieces at shops.

Inventory:

Hand Weapons
 e - a +0 vampiric spear
 f - a -2 demon whip of venom
 n - a +0 spear of flaming
 J - the +5 dagger of the Sun (weapon) {freeze, Will- Dex+7}
   (You found it on level 7 of the Dungeon)

   It freezes those it strikes, dealing additional cold damage.
   It can also slow down cold-blooded creatures.
   Dex:       It affects your dexterity (+7).
   Will:      It decreases your willpower.
Missiles
 i - 12 boomerangs
 q - 13 curare-tipped darts
 Q - a throwing net
Armour
 m - a +1 pair of gloves (worn)
 t - a +2 cloak (worn)
 D - the +3 leather armour "Suezyu" {rPois rN+ Dex+4 Slay-5}
   (You found it on level 1 of the Lair of Beasts)

   Dex:       It affects your dexterity (+4).
   Slay:      It affects your accuracy & damage with ranged weapons and melee
   (-5).
   rPois:     It protects you from poison.
   rN:        It protects you from negative energy.
 E - +0 steam dragon scales (worn)
 H - a +2 hat of stealth (worn)
 K - a +2 pair of boots (worn)
Jewellery
 l - a +4 ring of slaying
 p - an amulet of reflection
 s - the ring "Zeijudynk" (left hand) {rF+ AC+4 Str+4}
   (You acquired it on level 3 of the Dungeon)

   [ring of protection]

   AC:        It affects your AC (+4).
   Str:       It affects your strength (+4).
   rF:        It protects you from fire.
 u - a ring of wizardry
 v - a +6 ring of strength
 w - a ring of protection from fire
 y - the amulet of the Four Winds (around neck) {rN+ Will+++ Clar}
   (You found it on level 11 of the Dungeon)

   [amulet of nothing]

   rN:        It protects you from negative energy.
   Clar:      It protects you against confusion.
   Will:      It greatly increases your willpower.
 C - a ring of see invisible
 L - a ring of wizardry
 P - a ring of positive energy
 W - a +6 ring of intelligence (right hand)
Wands
 h - a wand of flame (31)
 I - a wand of mindburst (8)
 R - a wand of polymorph (7)
 U - a wand of digging (7)
 Z - a wand of paralysis (5)
Scrolls
 c - 10 scrolls of poison
 d - 4 scrolls of teleportation
 g - 3 scrolls of blinking
 k - 2 scrolls of brand weapon
 r - 2 scrolls of butterflies
 x - a scroll of immolation
 M - 4 scrolls of silence
 N - a scroll of enchant weapon
 X - 7 scrolls of identify
Potions
 a - 2 potions of resistance
 b - 3 potions of magic
 j - 5 potions of curing
 o - 2 potions of cancellation
 z - 6 potions of flight
 A - a potion of invisibility
 B - 4 potions of attraction
 F - 3 potions of lignification
 S - 4 potions of mutation
 T - 5 potions of berserk rage
 V - 3 potions of ambrosia
 Y - 3 potions of brilliance
Miscellaneous
 G - a phantom mirror


   Skills:
 + Level 5.1 Fighting
 - Level 4.0(5.0) Short Blades
 - Level 4.6(5.3) Long Blades
 - Level 1.1 Throwing
 + Level 2.9 Armour
 - Level 13.3 Dodging
 - Level 7.2 Stealth
 + Level 5.0 Shields
 - Level 10.0 Spellcasting
 - Level 0.6 Hexes
 * Level 18.7 Summonings
 - Level 5.2 Ice Magic
 - Level 0.1 Air Magic
 - Level 3.0 Invocations


You had 5 spell levels left.
You knew the following spells:

 Your Spells              Type           Power      Damage    Failure   Level
a - Summon Small Mammal   Summ           100%       N/A       0%          1
b - Call Imp              Summ           85%        N/A       0%          2
c - Call Canine Familiar  Summ           85%        N/A       0%          3
d - Summon Guardian Gole  Hex/Summ       60%        N/A       1%          3
e - Summon Lightning Spi  Summ/Air       59%        N/A       1%          4
f - Summon Ice Beast      Ice/Summ       67%        N/A       1%          4
g - Frozen Ramparts       Ice            82%        1d13      1%          3
h - Dragon's Call         Summ           42%        N/A       90%         9

Your spell library contained the following spells:

 Spells                   Type           Power      Damage    Failure   Level
 Necrotise                Necr           52%        1d6       4%          1
 Blink                    Tloc           26%        N/A       6%          2
 Poisonous Vapours        Pois/Air       28%        N/A       6%          2
 Static Discharge         Conj/Air       14%        3-5/arc   6%          2
 Gell's Gravitas          Tloc           13%        N/A       13%         3
 Lesser Beckoning         Tloc           13%        N/A       13%         3
 Teleport Other           Tloc           13%        N/A       13%         3
 Vampiric Draining        Necr           13%        2d6       13%         3
 Ice Form                 Ice/Tmut       27%        N/A       14%         4
 Cause Fear               Hex            8%         N/A       32%         4
 Airstrike                Air            7%         2d(1-17)  36%         4
 Fulminant Prism          Conj/Hex       7%         3d7       36%         4
 Corpse Rot               Necr/Pois/Air  13%        N/A       38%         4
 Iskenderun's Mystic Bla  Conj/Tloc      13%        2d5       38%         4
 Freezing Cloud           Conj/Ice/Air   11%        6-21      50%         5
 Agony                    Necr           13%        N/A       75%         5
 Alistair's Intoxication  Tmut/Pois      8%         N/A       75%         5
 Borgnjor's Vile Clutch   Necr/Erth      6%         N/A       75%         5
 Fireball                 Conj/Fire      6%         3d5       75%         5
 Lee's Rapid Deconstruct  Erth           6%         3d7*      75%         5
 Lightning Bolt           Conj/Air       7%         1d19      75%         5
 Manifold Assault         Tloc           13%        N/A       75%         5
 Simulacrum               Ice/Necr       13%        N/A       92%         6
 Dispersal                Tloc           6%         N/A       100%        6
 Eringya's Noxious Bog    Tmut/Pois      6%         N/A       100%        6
 Starburst                Conj/Fire      6%         6d4       100%        6
 Dragon Form              Tmut           6%         N/A       100%        7
 Ignition                 Fire           6%         3d4       100%        8
 Maxwell's Capacitive Co  Air            7%         ∞         100%        8
 Polar Vortex             Ice            20%        N/A       100%        9


Dungeon Overview and Level Annotations

Branches:
Dungeon (14/15)            Temple (1/1) D:7            Lair (5/5) D:9
 Shoals (0/4) Lair:2        Snake (0/4) Lair:3        Slime (0/5) Lair:5
    Orc (0/2) D:12         Bailey (visited)           IceCv (1/1)
 Vaults: D:13-14

Altars:
Ashenzari
Cheibriados
Dithmenos
Elyvilon
Fedhas
Gozag
Hepliaklqana
Kikubaaqudgha
Makhleb
Nemelex Xobeh
Okawaru
Qazlal
Ru
Sif Muna
Trog
Uskayaw
Vehumet
Wu Jian
Xom
Yredelemnul
Zin
The Shining One
Jiyva

Shops:
D:6 :=   D:7 (

Portals:
Trove: D:11 (give +6 demon whip)


Innate Abilities, Weirdness & Mutations

Your life essence is reduced to manifest your ancestor. (-10% HP)
((You are very nimble when in or above water. (Stealth+, EV+, Speed+++)))
Your lower body shifts to a powerful aquatic tail in water.
You are covered in fur. (AC +1)


Message History

Aiming: Throw Flame
Press: ? - help, Shift-Dir - straight line, f/p - alligator simulacrum
Aim: an alligator simulacrum (grey smoke, moderately damaged, 93% to hit)
The puff of flame hits the alligator simulacrum.
The alligator simulacrum melts!
The alligator simulacrum is heavily damaged.
Unknown command.
You barely miss the alligator simulacrum.
The alligator simulacrum is heavily damaged.
The spriggan defender simulacrum hits you but does no damage.
The alligator simulacrum barely misses you.
The alligator simulacrum tail-slaps you.
The alligator simulacrum freezes you!!
Unknown command.
The alligator simulacrum completely misses you.
The alligator simulacrum tail-slaps you but does no damage.
Casting: Call Canine Familiar (safe; 0% risk of failure)
Confirm with . or Enter, or press ? or * to list all spells.
The spriggan defender simulacrum hits you but does no damage. x2
The spriggan defender simulacrum attacks as you move away!
The spriggan defender simulacrum barely misses you.
Your warg bites the alligator simulacrum!
Casting: Call Canine Familiar (safe; 0% risk of failure)
Confirm with . or Enter, or press ? or * to list all spells.
A guardian golem appears, shielding your allies.
The spriggan defender simulacrum barely misses you.
Your warg barely misses the alligator simulacrum.
The alligator simulacrum bites you! The alligator simulacrum freezes you!
The alligator simulacrum barely misses you.
The spriggan defender simulacrum misses you.
The spriggan defender simulacrum attacks as you move away!
The spriggan defender simulacrum closely misses you.
Your warg bites the alligator simulacrum!
The alligator simulacrum vaporises!
Your warg closely misses the spriggan defender simulacrum.
Your warg bites the deep troll simulacrum but does no damage.
Your warg barely misses the deep troll simulacrum.
The spriggan defender simulacrum hits you.
The spriggan defender simulacrum freezes you!!!
You die...

#####
##...###
#......#
#..##...#
#.○h#
.Z.#
##Z.##
#Z..
#.9.## ..
#Z...# .
#@..##
##..∩#
#####


You could see a spriggan defender simulacrum (ally target), a deep troll
simulacrum, a friendly guardian golem (summoned) and a friendly warg (summoned,
sheltered).

Vanquished Creatures
  Gastronok (D:10)
  A hydra (Lair:5)
  A vault guard (D:11)
  A boulder beetle (D:11)
  A death yak (Lair:5)
  The ghost of theUnderdog the Basher, a novice GrBe of Trog (D:7)
  Amaemon (D:10)
  Pikel (D:5)
  A deep elf pyromancer (D:13)
  2 wolf spiders (Lair:5)
  8 elephants
  Maurice (D:13)
  3 black mambas
  A guardian serpent (Lair:5)
  7 cane toads
  6 komodo dragons
  4 rime drakes
  A kobold demonologist (D:10)
  A yaktaur (D:14)
  The ghost of hobodrago the Ruffian, an amateur TrFi (D:4)
  2 trolls
  4 blink frogs
  A hornet (Lair:5)
  A snapping turtle (Lair:2)
  Prince Ribbit (Bailey)
  A wraith (D:13)
  5 wyverns
  9 yaks
  3 humans (Bailey)
  4 basilisks
  A steam dragon (Lair:5)
  10 water moccasins
  Duvessa (D:4)
  2 black bears
  An orc warrior (Bailey)
  An ice beast (D:7)
  A sky beast (D:5)
  5 wolves (Lair:5)
  2 ogres
  A lemure (D:5)
  9 centaurs
  A phantom (D:7)
  11 bullfrogs
  4 kobold brigands
  4 wights
  11 killer bees
  5 orc priests
  A hound (D:4)
  4 iguanas
  4 orc wizards
  3 adders
  2 white imps
  An ufetubus (D:7)
  A worm (D:2)
  2 dart slugs (D:3)
  15 orcs
  A bat (D:3)
  6 endoplasms
  9 goblins
  5 hobgoblins
  3 jackals
  4 quokkas
  7 ball pythons
  3 frilled lizards
  20 kobolds
  4 rats
240 creatures vanquished.

Vanquished Creatures (collateral kills)
  A fire dragon (Lair:5)
  A boulder beetle (Lair:2)
  The ghost of bakla the Cleaver, a journeyman HOAK of Lugonu (D:12)
  Harold (D:10)
  A hydra (Lair:2)
  3 vault guards
  3 two-headed ogres
  2 death yaks (Lair:5)
  Lodul (D:10)
  A swamp dragon (Lair:5)
  A deep elf pyromancer (D:12)
  A moth of wrath (D:7)
  A manticore (D:14)
  3 cyclopes
  18 elephants
  9 black mambas
  An ice statue (D:14)
  An orange demon (D:10)
  6 rime drakes
  10 cane toads
  A rime drake (shapeshifter) (D:13)
  7 komodo dragons
  A troll (D:11)
  A hornet (Lair:5)
  A polar bear (Lair:3)
  A raiju (shapeshifter) (D:12)
  8 blink frogs
  A shadow (D:13)
  7 wyverns
  20 yaks
  3 basilisks
  A steam dragon (Lair:5)
  A human (Bailey)
  A wraith (D:12)
  Menkaure (D:5)
  A redback (Lair:5)
  Edmund (D:5)
  2 acid dragons (Lair:5)
  3 nagas (Lair:3)
  13 water moccasins
  An alligator simulacrum (IceCv)
  A sky beast (D:7)
  A swamp drake (Lair:5)
  3 orc warriors
  6 wolves
  6 ogres
  3 centaurs (D:13)
  A kobold brigand (D:9)
  A scorpion (D:6)
  9 bullfrogs
  A gnoll sergeant (D:7)
  10 wights
  Dowan (D:4)
  19 killer bees
  2 hounds
  An orc priest (D:12)
  Crazy Yiuf (D:4)
  An iguana (D:5)
  8 orc wizards
  A gnoll (Bailey)
  2 adders
  A worm (D:2)
  29 orcs
  8 goblins
  A hobgoblin (D:4)
  3 jackals (D:5)
  12 kobolds
  A bat (D:2)
  A frilled lizard (D:2)
  A rat (D:1)
  A butterfly (Lair:3)
278 creatures vanquished.

Vanquished Creatures (others)
  A hydra (Lair:2)
  2 elephants
  A queen bee (Lair:2)
  3 ogres (D:10)
  A bullfrog (Lair:2)
  12 battlemagi
  A killer bee (Lair:2)
  4 ancestors (Lair:2)
  A kobold (D:6)
  50 fungi
  96 plants
172 creatures vanquished.

Grand Total: 690 creatures vanquished

Notes
Turn   | Place    | Note
-------+----------+-------------------------------------------
     0 | D:1      | Icepheonix32 the Merfolk Summoner began the quest for the
                  | Orb.
     0 | D:1      | Reached XP level 1. HP: 13/13 MP: 3/3
   433 | D:1      | Reached XP level 2. HP: 18/19 MP: 3/5
   446 | D:1      | Learned a level 2 spell: Call Imp
  1523 | D:2      | Reached XP level 3. HP: 24/24 MP: 1/6
  1533 | D:2      | Reached skill level 5 in Summonings
  1725 | D:2      | Found a faded altar of an unknown god.
  2060 | D:2      | Learned a level 3 spell: Call Canine Familiar
  2484 | D:3      | Reached XP level 4. HP: 26/30 MP: 4/7
  2525 | D:3      | Found an opulent altar of Gozag.
  3159 | D:3      | Identified a scroll of acquirement
  3159 | D:3      | Acquired the ring "Zeijudynk" {rF+ AC+4 Str+4}
  3182 | D:4      | Reached skill level 6 in Summonings
  3235 | D:4      | Noticed Duvessa
  3251 | D:4      | Killed Duvessa
  3251 | D:4      | Noticed Dowan
  3252 | D:4      | Reached XP level 5. HP: 25/35 MP: 1/8
  3262 | D:4      | Killed Dowan
  3263 | D:4      | Reached skill level 7 in Summonings
  3263 | D:4      | Reached XP level 6. HP: 32/41 MP: 5/9
  3740 | D:4      | Found a runed translucent gate.
  3740 | D:4      | Found a runed translucent gate.
  3740 | D:4      | Found a runed translucent gate.
  3742 | D:4      | Noticed hobodrago's ghost (amateur TrFi)
  3773 | D:4      | Reached skill level 8 in Summonings
  3867 | D:4      | Found Kily's Assorted Antiques.
  3878 | D:4      | Bought 2 fuming yellow potions for 57 gold pieces
  3878 | D:4      | Bought a coppery potion for 28 gold pieces
  3878 | D:4      | Bought a sedimented black potion for 28 gold pieces
  3878 | D:4      | Bought a sapphire potion for 28 gold pieces
  3878 | D:4      | Bought a scroll labelled UTEUFIMIWO for 32 gold pieces
  3943 | D:4      | Gained mutation: You are covered in fur. (AC +1) [potion of
                  | mutation]
  4059 | D:4      | Found a runed translucent door.
  4060 | D:4      | Noticed Crazy Yiuf
  4074 | D:4      | Killed Crazy Yiuf
  4075 | D:4      | Reached XP level 7. HP: 44/46 MP: 5/10
  4248 | D:5      | Entered Level 5 of the Dungeon
  5045 | D:5      | Found a hide-covered altar of Uskayaw.
  5091 | D:5      | Reached skill level 9 in Summonings
  5140 | D:5      | Noticed Edmund
  5150 | D:5      | Killed Edmund
  5429 | D:5      | Reached XP level 8. HP: 49/52 MP: 11/11
  5453 | D:5      | Noticed Pikel
  5474 | D:5      | Killed Pikel
  5475 | D:5      | Reached skill level 10 in Summonings
  5533 | D:5      | Reached skill level 11 in Summonings
  5609 | D:5      | Found a shimmering blue altar of Sif Muna.
  5678 | D:5      | Noticed Menkaure
  5700 | D:5      | Killed Menkaure
  5972 | D:5      | Reached XP level 9. HP: 32/57 MP: 4/12
  6333 | D:6      | Found Kuffaxt's Book Shop.
  6358 | D:6      | Reached skill level 12 in Summonings
  6431 | D:6      | Reached skill level 1 in Long Blades
  6565 | D:6      | Found Tibegi's Jewellery Shoppe.
  7086 | D:7      | Found Sufa's Weapon Shoppe.
  7514 | D:7      | Found a bloodstained altar of Trog.
  7514 | D:7      | Noticed theUnderdog's ghost (novice GrBe)
  7515 | D:7      | Noticed a moth of wrath
  7519 | D:7      | Noticed a troll
  7640 | D:7      | Found a transporter.
  7645 | D:7      | Found a transporter.
  7682 | D:7      | Found a staircase to the Ecumenical Temple.
  7735 | Temple   | Entered the Ecumenical Temple
  8147 | D:7      | Identified the +5 dagger of the Sun {freeze, Will- Dex+7}
  8656 | D:8      | Reached skill level 1 in Fighting
  9528 | D:9      | Found a flagged portal.
  9540 | Bailey   | Entered a bailey
  9546 | Bailey   | Learned a level 3 spell: Summon Guardian Golem
  9551 | Bailey   | Learned a level 4 spell: Summon Lightning Spire
  9627 | Bailey   | Reached XP level 10. HP: 59/65 MP: 10/15
  9646 | Bailey   | Reached skill level 1 in Shields
  9786 | Bailey   | Reached skill level 13 in Summonings
  9797 | Bailey   | Noticed a vault guard
  9799 | Bailey   | Reached skill level 5 in Dodging
  9806 | Bailey   | Noticed Prince Ribbit
  9810 | Bailey   | Killed a vault guard
  9812 | Bailey   | Killed Prince Ribbit
  9945 | Bailey   | Noticed a vault guard
  9959 | Bailey   | Killed a vault guard
 10007 | Bailey   | Acquired a book of the Dragon
 10270 | D:9      | Noticed a two-headed ogre
 10284 | D:9      | Killed a two-headed ogre
 10285 | D:9      | Reached skill level 5 in Spellcasting
 10389 | D:9      | Reached XP level 11. HP: 62/73 MP: 14/19
 10618 | D:9      | Found a staircase to the Lair.
 10885 | D:10     | Entered Level 10 of the Dungeon
 10889 | D:10     | Noticed Harold
 10898 | D:10     | Killed Harold
 11161 | D:10     | Noticed Lodul
 11186 | D:10     | Killed Lodul
 11187 | D:10     | Reached skill level 14 in Summonings
 11555 | D:10     | Noticed Amaemon
 11570 | D:10     | Reached skill level 1 in Throwing
 11578 | D:10     | Killed Amaemon
 12078 | D:10     | Noticed a two-headed ogre
 12088 | D:10     | Killed a two-headed ogre
 12165 | D:10     | Noticed Gastronok
 12192 | D:10     | Killed Gastronok
 12193 | D:10     | Reached skill level 5 in Stealth
 12419 | D:10     | Found a hazy altar of Hepliaklqana.
 12429 | D:10     | Became a worshipper of Hepliaklqana the Forgotten
 12494 | D:11     | Noticed a boulder beetle
 12598 | Lair:1   | Entered Level 1 of the Lair of Beasts
 12674 | Lair:1   | Identified the +3 leather armour "Suezyu" {rPois rN+ Dex+4
                  | Slay-5}
 12918 | Lair:1   | Learned a level 4 spell: Summon Ice Beast
 13131 | Lair:1   | Reached XP level 12. HP: 50/81 MP: 6/22
 13454 | D:9      | Reached skill level 15 in Summonings
 14034 | D:9      | Reached skill level 1 in Armour
 14861 | D:4      | Bought a bound glass ring for 160 gold pieces
 14861 | D:4      | Identified the ring "Kaatt" {Fly Str+2} (You bought it in a
                  | shop on level 4 of the Dungeon)
 15276 | Lair:2   | Reached * piety under Hepliaklqana
 15379 | Lair:2   | Found a staircase to the Shoals.
 15670 | Lair:2   | Noticed a five-headed hydra
 15682 | Lair:2   | Reached skill level 10 in Dodging
 15682 | Lair:2   | Reached skill level 1 in Ice Magic
 15685 | Lair:2   | Killed a five-headed hydra
 16036 | Lair:2   | Noticed a boulder beetle
 16056 | Lair:2   | Killed a boulder beetle
 16115 | Lair:2   | Reached XP level 13. HP: 35/79 MP: 3/24
 16375 | Lair:2   | Reached skill level 16 in Summonings
 16828 | Lair:2   | Learned a level 3 spell: Frozen Ramparts
 17138 | Lair:3   | Reached ** piety under Hepliaklqana
 17154 | Lair:3   | Remembered your ancestor Nammahani as a battlemage
 17176 | Lair:3   | Found a staircase to the Snake Pit.
 17372 | Lair:3   | Reached skill level 1 in Short Blades
 18661 | Lair:4   | Reached *** piety under Hepliaklqana
 19013 | Lair:5   | Entered Level 5 of the Lair of Beasts
 19013 | Lair:5   | Found a staircase to the Slime Pits.
 19013 | Lair:5   | Found a viscous altar of Jiyva.
 19439 | Lair:4   | Reached XP level 14. HP: 64/86 MP: 17/27
 20069 | Lair:5   | Reached skill level 17 in Summonings
 20077 | Lair:5   | Reached skill level 1 in Invocations
 20474 | Lair:5   | Reached skill level 5 in Ice Magic
 21951 | Lair:5   | Learned a level 9 spell: Dragon's Call
 22454 | D:11     | Reached **** piety under Hepliaklqana
 22577 | D:11     | Reached skill level 10 in Spellcasting
 22841 | D:11     | Found the amulet of the Four Winds {rN+ Will+++ Clar}
 22922 | D:11     | Found a portal to a secret trove of treasure.
 23078 | D:12     | Found a runed translucent door.
 23079 | D:12     | Noticed bakla's ghost (journeyman HOAK)
 23460 | D:4      | Killed hobodrago's ghost
 23593 | D:7      | HP: 7/193 [theUnderdog's ghost (13)]
 23594 | D:7      | HP: 2/193 [troll (4)]
 23597 | D:7      | Killed theUnderdog's ghost
 23598 | D:7      | Reached XP level 15. HP: 3/91 MP: 17/29
 24766 | D:12     | Acquired 1045 gold pieces
 24958 | D:12     | Found a staircase to the Orcish Mines.
 24986 | D:12     | Reached skill level 18 in Summonings
 25651 | D:12     | Killed bakla's ghost
 25734 | D:13     | Identified the +0 mace "Orrurgha" {freeze, rF+ Will- Str+2
                  | Dex+4}
 25746 | D:13     | Reached skill level 5 in Fighting
 26007 | D:13     | Reached skill level 5 in Shields
 26203 | D:13     | Reached ***** piety under Hepliaklqana
 26380 | D:13     | Noticed Maurice
 26387 | D:13     | Killed Maurice
 26584 | D:6      | Bought a ring of wizardry for 330 gold pieces
 26823 | D:14     | Found a frozen archway.
 27197 | IceCv    | Entered an ice cave
 27381 | IceCv    | Slain by a spriggan defender simulacrum

Illustrated notes

Levels and vault maps discovered:
D:1:      co_arrival_square_in_a_square_in_a_square, layout_basic,
          serial_co_window_serial, co_window_paths_b, co_window_corner_a,
          co_window_paths_a, co_window_paths_a, co_window_paths_b,
          co_window_broadway_b, co_window_corner_cb, co_window_of_opportunity_c,
          co_window_broadway_b, co_window_unsneaky_path_e, co_window_paths_c,
          co_window_of_opportunity_b, co_window_paths_e, glass_columns_b,
          minmay_misc_feat_plants, item_on_display_a
D:2:      layout_basic, ebering_ecumenical_altar_petrified
D:3:      layout_basic, nicolae_gozag_seed_capital, kennysheep_generic_room_9
D:4:      layout_loops_ring, ebering_ghost_rock_garden, serial_shops,
          nicolae_lakefront_shop, kennysheep_boxes, uniq_crazy_yiuf_cottage,
          uniq_duvessa
D:5:      layout_basic, lemuel_tele_altar, lemuel_blue_sif_altar, uniq_edmund,
          uniq_menkaure, uniq_pikel
D:6:      layout_loops_ring, serial_shops, shop, nicolae_shop_advertising_works
          [nicolae_subvault_shop_adworks]
D:7:      layout_basic, minmay_temple_entry_tees, serial_shops,
          nicolae_shop_trees, gammafunk_ghost_wrathful_warriors
D:8:      layout_loops_ring, chequers_serial_rivers_micro_c
D:9:      layout_basic, lair_entry_dummy, enter_bailey_3, minmay_orc_keep
D:10:     layout_roguey, lemuel_coloured_pillars_altar, uniq_gastronok,
          uniq_amaemon, uniq_lodul, uniq_harold
D:11:     layout_roguey, enter_trove_5
D:12:     layout_roguey, minmay_orc_entry_temple_large,
          ebering_ghost_reflecting_pool, serial_aquarium, aquarium_bridge_square
          [aquarium_subvault_wall, aquarium_subvault_wall,
          aquarium_subvault_bridge, aquarium_subvault_bridge],
          aquarium_window_fake, aquarium_window_corridor_3, aquarium_view_2d,
          aquarium_balcony_3b, aquarium_pool_2
D:13:     layout_roguey, uniq_maurice
D:14:     kennysheep_snake, layout_stronghold, grunt_vaults_entry_fortified,
          fedhas_altar_1, portal_ice_cave_entry_ice_statue_one,
          nicolae_diode_quadrants
Temple:   hc_temple_tempest_star
Lair:1:   layout_gridlike
Lair:2:   regret_index_tunnel_blossom, layout_regular_city,
          minmay_shoals_entry_hut
Lair:3:   layout_cave_pods, guppyfry_snake_entry_island, lemuel_fruit_fields,
          grunt_megastairs_3, lemuel_fruit_tree
Lair:4:   layout_loops_ring
Lair:5:   guppyfry_lair_end_dragon, layout_regular_city,
          hangedman_lair_tendril_chambers, slime_entry_1
IceCv:    ice_cave_caverns_03

Skill      XL: |  1  2  3  4  5  6  7  8  9 10 11 12 13 14 15 |
---------------+----------------------------------------------+-----
Summonings     | 5 6 7 8 9 11 12 13 14 15 16 17 18 | 18.7
Long Blades    | 4 |  4.6
Dodging        | 4 6 8 10 12 13 | 13.3
Spellcasting   | 3 5 6 7 9 10 | 10.0
Fighting       | 1 2 3 4 5 |  5.1
Stealth        | 3 4 5 6 7 |  7.2
Shields        | 1 2 3 4 5 |  5.0
Throwing       | 1 |  1.1
Armour         | 2 |  2.9
Ice Magic      | 2 4 5 |  5.2
Short Blades   | 3 4 |  4.0
Invocations    | 3 |  3.0
Hexes          | |  0.6
Air Magic      | |  0.1

Action                   |  1- 3 |  4- 6 |  7- 9 | 10-12 | 13-15 || total
-------------------------+-------+-------+-------+-------+-------++-------
Melee: Spear             |     8 |     1 |    18 |       |    54 ||    81
       Falchion          |    49 |    68 |   129 |       |       ||   246
       Unarmed           |     5 |       |       |       |       ||     5
       Punch             |       |     1 |     3 |     6 |    12 ||    22
       Dagger            |       |       |    50 |   429 |   469 ||   948
       Tailslap          |       |       |     1 |    14 |    12 ||    27
Throw: Dart              |       |       |     1 |     8 |       ||     9
       Boomerang         |       |       |       |     1 |     1 ||     2
 Cast: Summon Small Mamm |    15 |     5 |     8 |     2 |     6 ||    36
       Call Imp          |    10 |     5 |    17 |     9 |     7 ||    48
       Call Canine Famil |       |     4 |    29 |    37 |    42 ||   112
       Summon Guardian G |       |       |       |    16 |    13 ||    29
       Summon Lightning  |       |       |       |    19 |    11 ||    30
       Summon Ice Beast  |       |       |       |    23 |    64 ||    87
       Frozen Ramparts   |       |       |       |       |    22 ||    22
Invok: Recall Ancestor   |       |       |       |       |     3 ||     3
       Ancestor Life: Ba |       |       |       |       |     1 ||     1
       Transference      |       |       |       |       |     1 ||     1
Evoke: Wand              |       |       |     3 |       |     9 ||    12
  Use: Scroll            |     6 |     5 |     9 |     8 |    13 ||    41
       Potion            |       |     7 |       |     6 |     8 ||    21
 Stab: Distracted        |     1 |       |     3 |    10 |    18 ||    32
       Sleeping          |     3 |     1 |     5 |     2 |    13 ||    24
       Invisible         |       |       |       |       |     3 ||     3
Armor: Robe              |     9 |    20 |    76 |    49 |       ||   154
       Leather armour    |       |       |       |   109 |    83 ||   192
       Skin              |       |       |       |       |    42 ||    42
       Steam dragon scal |       |       |       |       |    34 ||    34
Dodge: Dodged            |    49 |    39 |   124 |   451 |   511 ||  1174
Block: Other             |     1 |    11 |    44 |   106 |    92 ||   254
       Reflection        |       |       |     3 |     3 |       ||     6
